woodfighter, lawful female human Samurai H D g D g } g t g J }}} g }}. D x @@@@@ }}. @@@@@ }. --- ^ D }.---(--- +-----D--.....-- ....%`--......^--- ........\........ ...%.+%[)..{....(| @ .......TDCoHoooh. .....|%-%......--- G H X ..\..H.oGhHCoDGo --- +-----}.-.....-- ... hohCoDoho -----}| |}}}...(--- ---- -----}}}}}| @ |}@}}}---g g}}}}}}-----+-----}}}}}}}}}-- --}}}}}}}}} }}}}}}}}}}}}}}}}}}}}}}}}}}}}}-------}}}}}}}}}} g }}}}}}}}}}}.......}}}}}}}}}}}}}}}}}}}}}}}}}}}}} }}}}}}}...%#%.....#...}}}}}}}}}}}}}}}}}}}}}.... }..}.......%%.)...%.......}}}}}}}}}}}}}}}...... woodfighter the Ryoshu Experience level: 16 Strength: 18/18 Dexterity: 17 Constitution: 18 Intelligence: 8 Wisdom: 8 Charisma: 8 Health: 141(141) Energy: 71(71) Def: 25 Gold: 0 Moves: 20908 Dungeon seed: Z7Itx8ITtxEuws2t Game ID: woodfighter_1534874393 Your Inventory: Amulets I - an uncursed amulet of reflection (being worn) Weapons a - a blessed rustproof +6 katana (weapon in hand) O - a blessed rustproof +3 katana (wielded in other hand) P - 50 blessed +7 shuriken (in quiver) Armor e - an uncursed +0 mummy wrapping n - a blessed greased +4 gray dragon scale mail (being worn) p - an uncursed rusty +0 dented pot (being worn) r - a blessed burnt +1 cloak of displacement (being worn) z - an uncursed +0 pair of gauntlets of dexterity (being worn) N - an uncursed +0 pair of yugake U - a blessed +4 pair of speed boots (being worn) Comestibles i - 3 uncursed gunyoki T - an uncursed carrot V - an uncursed K-ration Z - 2 uncursed lizard corpses Rings k - an uncursed ring of regeneration (on left hand) x - a blessed ring of levitation Wands d - a wand of digging (0:3) f - a wand of teleportation (0:5) g - a wand of fire (0:3) h - a rusty wand of death (0:4) Tools b - an uncursed stethoscope q - a -3 unicorn horn s - an uncursed sack v - the Bell of Opening (0:3) y - an uncursed rusty skeleton key G - a blessed magic lamp L - a +0 pick-axe W - an uncursed towel (being worn) Gems X - a blessed luckstone Contents of the sack: an uncursed eucalyptus leaf an uncursed lizard corpse 2 uncursed sprigs of wolfsbane an uncursed bugle an uncursed [+0] unicorn horn Spells and supernatural/magical abilities: Name Level Category Fail Memory f - fireball 4 attack 100% 59% m - magic missile 2 attack 91% 60% p - protection 1 clerical 89% 60% O - create monster 2 clerical 91% 59% W - pray for help -- divine ? -- Your skills at the end: Miscellaneous Skills martial arts [Basic] two weapon combat [Skilled] wands [Skilled] stealth [Basic] Weapon Skills short sword [Basic] long sword [Skilled] bow [Basic] shuriken [Skilled] Spellcasting Skills Final Attributes: You were piously aligned. You were fire resistant. You were cold resistant. You were sleep resistant. You were disintegration-resistant. You were shock resistant. You were poison resistant. You were magic-protected. You saw invisible. You were telepathic. You were invisible to others. You were displaced. You were very stealthy. You regenerated. You were protected. You were very fast. You had reflection. You were wielding two weapons at once. You were extremely lucky. You had extra luck. Good luck did not time out for you. You are dead. Vanquished creatures: Medusa a red dragon 2 white dragons a black dragon a blue dragon a storm giant 3 purple worms 4 minotaurs Ashikaga Takauji 3 baluchitheria a young red dragon 2 young orange dragons 2 young black dragons a young yellow dragon a demilich 2 stone golems a master mind flayer 2 gryphons 2 vampire lords 4 captains 2 liches 3 water trolls 3 nurses 2 lurkers above 5 frost giants a black pudding 2 vampires a ghost an ettin 4 lieutenants 11 samurai a mind flayer 3 giant mimics 2 fire giants 8 ice trolls a rock troll 3 umber hulks a flesh golem 4 large mimics 2 wumpuses 2 baby long worms a baby purple worm a long worm 2 couatls 33 stalkers 3 air elementals 2 earth elementals 3 water elementals 8 hill giants 4 elf-lords 2 xorns 9 sergeants 9 wargs a winter wolf 6 quantum mechanics 3 small mimics an island nymph 2 warhorses 3 xans 2 ettin mummies an ogre lord 7 trolls 3 sasquatches 2 wood golems a djinni a large dog 3 freezing spheres 2 shocking spheres a large cat a tiger a gargoyle a dwarf king a tengu 2 gelatinous cubes 2 ochre jellies 5 crocodiles 3 chameleons 3 leocrottas 2 energy vortices a giant 5 elf mummies a human mummy 3 pit vipers 3 cobras 7 wraiths 5 ettin zombies 3 leather golems 12 soldiers a succubus 2 incubi 5 giant beetles 23 cockatrices 83 wolves 9 winter wolf cubs 2 black lights 2 lynxes 4 panthers 90 gremlins 8 leprechauns 2 quivering blobs a spotted jelly 7 lizards a mumak 7 giant spiders a scorpion 2 iron piercers 9 horses 6 vampire bats 2 forest centaurs 12 gnome kings 2 orc mummies 4 ogres 2 Green-elves 2 rust monsters 5 owlbears 2 werewolves 4 piranhas 2 giant eels 22 ninja 2 roshis a chickatrice 2 dogs 2 dingos 2 housecats 4 jaguars a dwarf lord 2 blue jellies 2 gray unicorns a black unicorn 4 dust vortices 6 ravens 3 plains centaurs 2 Woodland-elves 3 snakes 7 apes a human zombie a rope golem 11 soldier ants 3 fire ants 8 yellow lights 30 bugbears 2 imps 7 wood nymphs 29 Mordor orcs 2 Uruk-hai 2 rock moles 3 rock piercers 4 ponies 5 fog clouds 3 shriekers 29 gnome lords 7 gnomish wizards a kobold mummy 2 black naga hatchlings a guardian naga hatchling 3 gray oozes 2 barrow wights 7 elf zombies 2 ghouls 5 straw golems 3 paper golems 4 jellyfish 5 giant ants 4 puppies 11 floating eyes 3 kittens 12 dwarves 2 homunculi 4 quasits 4 kobold lords a kobold shaman 8 iguanas 39 hill orcs 13 rothes 3 rabid rats 4 centipedes 5 jitterbugs 3 giant bats 3 monkeys 8 orc zombies 3 dwarf zombies 4 wererats 2 werejackals 12 killer bees 4 coyotes 6 gas spores a hobbit 3 acid blobs 7 large kobolds 11 geckos 34 hobgoblins 8 giant rats 12 cave spiders a brown mold 3 yellow molds a green mold 4 red molds 74 gnomes 18 garter snakes 7 manes a gnome zombie 15 jackals 5 kobolds 13 newts 11 goblins 6 sewer rats 10 grid bugs 4 bats 4 lichens a kobold zombie 1237 creatures vanquished. Voluntary challenges: You did not cause conflict. You had been an atheist until turn 2723. You used a wielded weapon 2038 times, starting on turn 75. You did not use plumbed fixtures. You read items or engraved 62 times, starting on turn 2723. You never genocided any monsters. You never polymorphed an object. You never changed form. You completed Sokoban on turn 3997, according to the rules. You used 1 wish, starting on turn 8060. You did not wish for any artifacts. You never split a pudding. You never wrote Elbereth's name. You never violated bushido. Dungeon overview: The Dungeons of Doom: levels 1 to 29 Level 1 (water) some fountains a long staircase Level 2 an armor shop Level 3 (wter + shop + vault) a general store, a fountain stairs to The Gnomish Mines Level 4 (water) a scroll shop, a fountain Level 5 a fountain Level 6 (vault + throne) some fountains Level 7 some fountains Level 8 (throne) Level 9 many fountains Level 10 (water + throne) a fountain stairs to Sokoban Level 11 an altar to Susanowo, some fountains Level 12 Level 13 (big room) Level 14 Level 15 (rogue + quest) portal to The Quest Level 16 Level 17 a fountain Level 18 a temple to Raijin, a sink Level 19 a fountain Level 20 a temple to Raijin, a sink Level 21 (statues) Level 22 a temple to Susanowo, some fountains Level 23 (medusa) Level 24 Level 25 Level 26 Level 27 Level 28 a fountain Level 29 (stash on the right) <- You were here a fountain, some thrones, some trees Gehennom: Level 30 stairs to The Dungeons of Doom The Gnomish Mines: levels 4 to 11 Level 4 stairs to The Dungeons of Doom Level 5 Level 6 many shops, a temple to Susanowo, a magic chest, some trees Level 7 (white unicorn) Level 8 Level 9 Level 10 Level 11 a magic chest, a fountain The Quest: levels 1 to 5 Level 1 a magic chest portal to The Dungeons of Doom Level 2 Level 3 Level 4 Level 5 Sokoban: levels 6 to 9 Level 6 a magic chest Level 7 Level 8 Level 9 an altar to Amaterasu Omikami, a magic chest stairs to The Dungeons of Doom History has recorded: On T:1 you entered the Dungeons of Doom to retrieve the Amulet of Yendor! On T:73 you reached level 2 of The Dungeons of Doom. On T:306 you reached level 3 of The Dungeons of Doom. On T:331 you advanced to experience level 2. On T:590 you reached level 4 of The Dungeons of Doom. On T:622 you advanced to experience level 3. On T:625 you reached level 1 of The Gnomish Mines. On T:762 you reached level 5 of The Dungeons of Doom. On T:1015 you advanced to experience level 4. On T:1155 you reached level 6 of The Dungeons of Doom. On T:1267 you reached level 7 of The Dungeons of Doom. On T:1416 you advanced to experience level 5. On T:1567 you reached level 8 of The Dungeons of Doom. On T:1753 you advanced to experience level 6. On T:1758 you reached level 9 of The Dungeons of Doom. On T:2170 you advanced to experience level 7. On T:2247 you reached level 10 of The Dungeons of Doom. On T:2550 you reached level 11 of The Dungeons of Doom. On T:2680 you reached level 4 of Sokoban. On T:2718 you opened a magic chest. On T:2904 you reached level 3 of Sokoban. On T:3267 you reached level 2 of Sokoban. On T:3510 you advanced to experience level 8. On T:3514 you reached level 1 of Sokoban. On T:3997 you advanced to experience level 9. On T:3997 you entered the Sokoban zoo. On T:4384 you reached level 3 of The Gnomish Mines. On T:4447 you reached level 4 of The Gnomish Mines. On T:4526 you entered the Minetown temple On T:4734 you reached level 2 of The Gnomish Mines. On T:5265 you reached level 7 of The Gnomish Mines. On T:5345 you reached level 8 of The Gnomish Mines. On T:5345 you reached the bottom of the Mines. On T:5391 you reached level 6 of The Gnomish Mines. On T:5429 you prayed to Amaterasu Omikami. On T:5483 you reached level 5 of The Gnomish Mines. On T:6543 you advanced to experience level 10. On T:7373 you reached level 12 of The Dungeons of Doom. On T:8060 you wished for "+3 blessed fixed greased gray dragon scale mail". On T:8395 you prayed to Amaterasu Omikami. On T:9578 you reached level 13 of The Dungeons of Doom. On T:9977 you reached level 14 of The Dungeons of Doom. On T:10200 you advanced to experience level 11. On T:10267 you reached level 15 of The Dungeons of Doom. On T:10267 you entered the Rogue tribute level. On T:10581 you reached level 1 of The Quest. On T:10674 you reached level 16 of The Dungeons of Doom. On T:11191 you reached level 17 of The Dungeons of Doom. On T:11301 you reached level 18 of The Dungeons of Doom. On T:11483 you reached level 19 of The Dungeons of Doom. On T:11724 you reached level 20 of The Dungeons of Doom. On T:12002 you advanced to experience level 12. On T:12073 you reached level 21 of The Dungeons of Doom. On T:12373 you prayed to Amaterasu Omikami. On T:12398 you prayed to Amaterasu Omikami. On T:12461 you prayed to Amaterasu Omikami. On T:12498 you prayed to Amaterasu Omikami. On T:12543 you prayed to Amaterasu Omikami. On T:12617 you prayed to Amaterasu Omikami. On T:12660 you prayed to Amaterasu Omikami. On T:12698 you prayed to Amaterasu Omikami. On T:12705 you prayed to Amaterasu Omikami. On T:12748 you prayed to Amaterasu Omikami. On T:12805 you prayed to Amaterasu Omikami. On T:12860 you prayed to Amaterasu Omikami. On T:12881 you prayed to Amaterasu Omikami. On T:12898 you advanced to experience level 13. On T:12898 you advanced to experience level 14. On T:13164 you embarked upon an epic quest. On T:13194 you reached level 2 of The Quest. On T:13366 you reached level 3 of The Quest. On T:13710 you reached level 4 of The Quest. On T:14188 you reached level 5 of The Quest. On T:15024 you killed Ashikaga Takauji on level 5 of The Quest. On T:15159 you completed the quest! On T:16170 you reached level 22 of The Dungeons of Doom. On T:16447 you reached level 23 of The Dungeons of Doom. On T:16770 you killed Medusa on level 23 of The Dungeons of Doom. On T:16804 you reached level 24 of The Dungeons of Doom. On T:17656 you reached level 25 of The Dungeons of Doom. On T:18093 you reached level 26 of The Dungeons of Doom. On T:18590 you reached level 27 of The Dungeons of Doom. On T:18818 you reached level 28 of The Dungeons of Doom. On T:19117 you advanced to experience level 15. On T:20337 you reached The Castle. On T:20355 you advanced to experience level 16. On T:20845 you reached The Valley of the Dead. Score breakdown: Gold: 0 ( 0 points) Experience: 16 levels ( 1500 points) Exploration: 30 levels ( 870 points) Discoveries: 94 items ( 2000 points) Variety of kills: 210 monsters ( 2000 points) Major goal: finished the Quest ( 2000 points) Survival: died (score multiplied by 3) Total score: 25110 Latest messages: H - a brass ring. t - a wand of create monster. You carefully open the chest... You put a brass ring into the chest. You put a wand of create monster into the chest. You hear a door open. There are several objects here. There are a few objects here. (3x) There are several objects here. You are now wearing a ring of levitation. You start to float in the air! You are now wearing a towel around your head. You can't see any more. You take off your ring of levitation. You fall into the water! You sink like a rock. Your wand of death rusts! Your key rusts! You drown. Final status: Sayonara woodfighter the Samurai, drowned in a moat... You drowned in The Dungeons of Doom on dungeon level 29 with 25110 points, and 0 pieces of gold, after 20908 moves. You were level 16 with a maximum of 141 hit points when you drowned.